 Dungeon Crawl Stone Soup version 0.27-a0-887-gcab673c142 (webtiles) character file.

Game seed: 7799675893080447829

151 harryhousin the Conjurer (level 5, 0/24 HPs)
             Began as a Vine Stalker Conjurer on Apr 2, 2021.
             Was a Follower of Okawaru.
             Shot with an arrow by a centaur (6 damage)
             ... on level 5 of the Dungeon on Apr 5, 2021.
             The game lasted 00:25:11 (4538 turns).

harryhousin the Conjurer (Vine Stalker Conjurer)    Turns: 4538, Time: 00:25:12

Health: 0/24       AC:  4    Str: 11    XL:     5   Next: 33%
Magic:  0/10       EV: 12    Int: 18    God:    Okawaru [*.....]
Gold:   183        SH:  0    Dex: 12    Spells: 7/10 levels left

rFire    . . .     SeeInvis .   (no weapon)
rCold    . . .     Faith    .   (no shield)
rNeg     . . .     Spirit   +   a - +0 robe
rPois    .         Reflect  .   (no helmet)
rElec    .         Harm     .   (no cloak)
rCorr    .         Rampage  .   b - +0 pair of gloves
Will     .....                  c - +0 pair of boots
Stlth    ++........             (no amulet)
HPRegen  1.08/turn              (no ring)
MPRegen  0.12/turn              (no ring)

@: no status effects
A: fangs 2, regeneration 1, magic shield, antimagic bite, no potion heal 2
a: Renounce Religion, Heroism


You were on level 5 of the Dungeon.
You worshipped Okawaru.
Okawaru was aware of your devotion.
You visited 1 branch of the dungeon, and saw 5 of its levels.

You collected 183 gold pieces.

Inventory:

Armour
 a - a +0 robe (worn)
 b - a +0 pair of gloves (worn)
 c - a +0 pair of boots (worn)
Jewellery
 k - a +4 ring of protection
Scrolls
 d - 3 scrolls of noise {unknown}
 f - a scroll of immolation {unknown}
 g - 3 scrolls of identify {unknown}
 i - 4 scrolls of blinking {unknown}
 j - 2 scrolls of teleportation {unknown}
Potions
 e - 2 potions of mutation {unknown}
 h - a potion of ambrosia {unknown}
 l - a potion of brilliance {unknown}


   Skills:
 + Level 2.5 Dodging
 + Level 4.0 Stealth
 + Level 3.2 Spellcasting
 + Level 4.7 Conjurations


You had 7 spell levels left.
You knew the following spells:

 Your Spells              Type           Power      Damage    Failure   Level
a - Magic Dart            Conj           76%        1d6       2%          1
b - Searing Ray           Conj           38%        3d4       3%          2

Your spell library contained the following spells:

 Spells                   Type           Power      Damage    Failure   Level
 Dazzling Flash           Conj/Hex       22%        N/A       19%         3
 Fulminant Prism          Conj/Hex       5%         3d7       52%         4
 Iskenderun's Mystic Bla  Conj/Tloc      11%        2d4       52%         4


Dungeon Overview and Level Annotations

Branches:
Dungeon (5/15)
 Temple: D:4-7

Altars:
Okawaru

Annotations:
D:4 Menkaure
D:5 Ijyb


Innate Abilities, Weirdness & Mutations

You have extremely sharp teeth.
Your natural rate of healing is unusually fast.
When hurt, damage is shared between your health and your magic reserves.
Your bite disrupts and absorbs the magic of your enemies.
Potions cannot restore your health.


Message History

The centaur wields a +1 vorpal shortbow.
The centaur shoots an arrow.
The arrow hits you!
You hear a shout!
The searing ray hits the centaur!
The centaur is severely wounded.
The centaur shoots an arrow.
The arrow barely misses you.
The searing ray hits the centaur.
The centaur is almost dead.
The centaur shoots an arrow.
The arrow closely misses you.
The centaur shoots an arrow.
The arrow hits you!
Ouch! That really hurt!
* * * LOW HITPOINT WARNING * * *
x2 Without enough magic to sustain it, your searing ray dissipates.
The centaur shoots an arrow.
The arrow misses you.
Casting: Searing Ray (safe; 3% risk of failure)
Confirm with . or Enter, or press ? or * to list all spells.
You don't have enough magic to cast this spell.
Unknown command.
Ijyb the Twisted Goblin comes into view.
She is wielding a +0 dagger and carrying a wand of iceblast (6).
The centaur unwields a +1 vorpal shortbow.
The centaur misses you.
The centaur kicks you but does no damage.
The centaur barely misses you.
The centaur kicks you but does no damage.
Ijyb moves out of view.
You hit the centaur but do no damage.
The centaur is almost dead.
The centaur closely misses you. The centaur completely misses you.
You barely miss the centaur. You bite the centaur. You drain its power.
You feel invigorated.
The centaur is almost dead.
The centaur hits you.
* * * LOW HITPOINT WARNING * * *
The centaur closely misses you.
The centaur hits you but does no damage.
The centaur misses you.
Ijyb screams, "You nasty!
Big nasty!"
The centaur wields a +1 vorpal shortbow.
The centaur shoots an arrow.
The arrow hits you!
You die...

######### #.......#
#######.......####
.................#
.................#
.........><#.....#
#######@####.####..#
.............#
########c##..#
#.g#..# ##.#..#
....# ...># #..(.
##..#


You could see Ijyb and a centaur.

Vanquished Creatures
  An iguana (D:4)
  6 adders
  An adder skeleton (D:4)
  A worm (D:2)
  3 dart slugs
  2 orcs (D:3)
  3 bats
  8 endoplasms
  2 giant cockroaches
  3 jackals
  7 kobolds
  2 quokkas
  3 ball pythons
  5 frilled lizards (D:1)
  6 goblins
  11 rats
64 creatures vanquished.

Vanquished Creatures (others)
  A ghoul (D:1)
  An octopode (D:1)
  A vine stalker (D:1)
  An elf (D:1)
  A formicid (D:1)
  A spriggan (D:1)
  A human (D:1)
  A dwarf (D:1)
  A mummy (D:1)
  3 orcs (D:1)
  4 plants (D:2)
  5 tentacles (D:1)
21 creatures vanquished.

Grand Total: 85 creatures vanquished

Notes
Turn   | Place    | Note
-------+----------+-------------------------------------------
     0 | D:1      | harryhousin the Vine Stalker Conjurer began the quest for
                  | the Orb.
     0 | D:1      | Reached XP level 1. HP: 9/9 MP: 4/4
     0 | D:1      | Noticed an elf
     0 | D:1      | Noticed a human
     0 | D:1      | Noticed a spriggan
     0 | D:1      | Noticed an octopode
     0 | D:1      | Noticed a kraken
     0 | D:1      | Noticed a ghoul
     0 | D:1      | Noticed a vine stalker
     0 | D:1      | Noticed a formicid
     0 | D:1      | Noticed a dwarf
     3 | D:1      | Upgraded the game from 0.27-a0-860-gaf99fae3ca to
                  | 0.27-a0-887-gcab673c142
     7 | D:1      | Killed an octopode
     7 | D:1      | Killed a human
     8 | D:1      | Killed an elf
    11 | D:1      | Killed a spriggan
    12 | D:1      | Killed a dwarf
    12 | D:1      | Killed a vine stalker
    13 | D:1      | Killed a formicid
    14 | D:1      | Killed a ghoul
   369 | D:1      | Reached XP level 2. HP: 13/13 MP: 6/6
   872 | D:1      | Found a faded altar of an unknown god.
   931 | D:1      | Became a worshipper of Warmaster Okawaru
   931 | D:1      | Reached * piety under Okawaru
  1153 | D:1      | Reached XP level 3. HP: 16/16 MP: 3/7
  1536 | D:2      | Learned a level 2 spell: Searing Ray
  2733 | D:3      | Gained mutation: Your natural rate of healing is unusually
                  | fast. [Vine Stalker growth]
  2733 | D:3      | Reached XP level 4. HP: 21/21 MP: 5/9
  3598 | D:4      | Noticed Menkaure
  3927 | D:4      | Reached XP level 5. HP: 24/24 MP: 5/10
  4497 | D:5      | Entered Level 5 of the Dungeon
  4529 | D:5      | Noticed a centaur
  4532 | D:5      | HP: 1/24 [centaur/arrow (1)]
  4534 | D:5      | Noticed Ijyb
  4538 | D:5      | Shot with an arrow by a centaur

Illustrated notes

Levels and vault maps discovered:
D:1:      nicolae_arrival_kraken_aquarium_a, layout_basic,
          ebering_ecumenical_altar_webs, minmay_heptomino_w4
D:2:      cheibrodos_old_hovel, layout_basic, minmay_misc_feat_tower,
          kennysheep_crisscross
D:3:      minmay_angry_zag, layout_rooms, minmay_misc_feat_hallway
D:4:      layout_basic, uniq_menkaure
D:5:      layout_basic, kennysheep_ying_yang, chei_slow_surprise,
          eino_small_chamber_without_monster, minmay_shop_grid_forest,
          kennysheep_generic_room_10, uniq_ijyb, uniq_grinder, uniq_sigmund

Skill      XL: |  1  2  3  4  5 |
---------------+----------------+-----
Stealth        | 3 4 |  4.0
Dodging        | 2 |  2.5
Spellcasting   | 3 |  3.2
Conjurations   | |  4.7

Action                   |  1- 3 |  4- 6 || total
-------------------------+-------+-------++-------
Melee: War axe           |    11 |       ||    11
       Bite              |     9 |     1 ||    10
       Unarmed           |    19 |     2 ||    21
 Cast: Magic Dart        |    73 |    63 ||   136
       Searing Ray       |     2 |     5 ||     7
 Stab: Sleeping          |     1 |       ||     1
Armor: Robe              |     3 |     6 ||     9
Dodge: Dodged            |    23 |    12 ||    35

Table legend: (Time is in decaauts)
 A = Elapsed time spent in this place.
 B = Non-inter-level travel time spent in this place.
 C = Inter-level travel time spent in this place.
 D = Time resting spent in this place.
 E = Time spent auto-exploring this place.
 F = Levels seen in this place.
 G = Mean time per level.
                   A        B        C        D        E       F      G
               +--------+--------+--------+--------+--------+-----+--------+
         Total |   4543 |   4387 |    156 |   1128 |   2116 |   5 |  908.6 |
       Dungeon |   4543 |   4387 |    156 |   1128 |   2116 |   5 |  908.6 |
               +--------+--------+--------+--------+--------+-----+--------+

Top non-repeatable levels by time:
     D:2: 1331 daAuts
     D:1: 1295 daAuts
     D:4: 968 daAuts
     D:3: 907 daAuts
     D:5: 40 daAuts
